 Dungeon Crawl Stone Soup version 0.30.1-1-g62c8e00024 (webtiles) character file.

Game seed: 4628916399463174299

15762 Peloso the Blocker (level 12, -7/106 HPs)
             Began as a Minotaur Fighter on July 15, 2023.
             Was a Believer of Okawaru.
             Killed from afar by a balrug (16 damage)
             ... with a bolt of fire
             ... in a Gauntlet.
             The game lasted 00:33:02 (12836 turns).

Peloso the Blocker (Minotaur Fighter)              Turns: 12836, Time: 00:33:02

Health: -7/106     AC: 25    Str: 23    XL:     12   Next: 4%
Magic:  9/11       EV: 14    Int:  5    God:    Okawaru [**....]
Gold:   847        SH: 20    Dex: 13    Spells: 11/11 levels left

rFire   + . .        a - +0 long sword
rCold   + . .        d - +0 tower shield
rNeg    . . .        c - +3 scale mail {rPois}
rPois   +            (helmet restricted)
rElec   +            k - +2 cloak
rCorr   +            u - +0 pair of gloves
SInv    +            l - +1 pair of boots
Will    .....        x - amulet "Vanlois" {Regen+ SInv}
Stlth   ++           e - +4 ring of protection
HPRegen 0.37/turn    (no ring)
MPRegen 0.12/turn

%: no teleportation
@: resistant, heroic, hasted, invisible, very quick
A: horns 2, retaliatory headbutt, MP-powered wands
a: Renounce Religion, Heroism


You were in a Gauntlet.
You worshipped Okawaru.
Okawaru was pleased with you.
You visited 3 branches of the dungeon, and saw 13 of its levels.
You also visited: Sewer and Gauntlet.

You collected 847 gold pieces.

Inventory:

Hand Weapons
 a - a +0 long sword (weapon)
Missiles
 h - 5 throwing nets (quivered)
Armour
 b - a +0 scale mail
 c - a +3 scale mail of poison resistance (worn)
 d - a +0 tower shield (worn)
 k - a +2 cloak (worn)
 l - a +1 pair of boots (worn)
 u - a +0 pair of gloves (worn)
Jewellery
 e - a +4 ring of protection (left hand)
 r - a ring of wizardry
 x - the amulet "Vanlois" (around neck) {Regen+ SInv}
   (You found it in a Gauntlet)

   [amulet of regeneration]

   SInv:      It lets you see invisible.
   Regen:     It increases your rate of health regeneration.
Wands
 o - a wand of mindburst (19)
 q - a wand of flame (19)
 t - a wand of roots (9)
 G - a wand of polymorph (6)
 H - a wand of digging (7)
Scrolls
 f - 3 scrolls of immolation
 m - a scroll of noise
 n - 3 scrolls of teleportation
 p - a scroll of blinking
 w - 2 scrolls of fear
 y - 2 scrolls of silence
 z - 3 scrolls of enchant weapon
 C - a scroll of fog
 F - a scroll of acquirement
Potions
 i - 6 potions of mutation
 j - 6 potions of curing
 s - a potion of heal wounds
 B - a potion of brilliance {unknown}
 D - a potion of cancellation {unknown}


   Skills:
 + Level 10.2(15.2) Fighting
 + Level 12.7(17.7) Long Blades
 + Level 11.9(16.9) Armour
 + Level 6.9(11.9) Dodging
 + Level 0.7(5.7) Stealth
 + Level 13.1(18.1) Shields
 + Level 1.2 Invocations
 + Level 0.4 Evocations


You had 11 spell levels left.
You didn't know any spells.
Your spell library contained the following spells:

 Spells                   Type           Power      Damage    Failure   Level
 Gell's Gravitas          Tloc           0%         N/A       99%         3
 Ignite Poison            Fire/Tmut/Pois 0%         N/A       99%         3
 Ozocubu's Armour         Ice            0%         N/A       99%         3
 Teleport Other           Tloc           0%         N/A       99%         3
 Manifold Assault         Tloc           0%         N/A       100%        4
 Sticky Flame             Conj/Fire      0%         2d3       100%        4
 Borgnjor's Vile Clutch   Necr/Erth      0%         N/A       100%        5
 Metabolic Englaciation   Hex/Ice        0%         N/A       100%        5
 Dispersal                Tloc           0%         N/A       100%        6
 Disjunction              Tloc           0%         N/A       100%        8
 Ignition                 Fire           0%         3d3       100%        8
 Animate Dead             Necr           Unusable   N/A       N/A         4
 Death Channel            Necr           Unusable   N/A       N/A         6
 Simulacrum               Ice/Necr       Unusable   N/A       N/A         6

Dungeon Overview and Level Annotations

Branches:
Dungeon (11/15)            Temple (1/1) D:5            Lair (1/5) D:11
    Orc (0/2) D:11          Sewer (visited)         Gauntlet (1/1)

Altars:
Ashenzari
Cheibriados
Dithmenos
Elyvilon
Fedhas
Gozag
Hepliaklqana
Kikubaaqudgha
Makhleb
Nemelex Xobeh
Okawaru
Qazlal
Ru
Sif Muna
Trog
Uskayaw
Vehumet
Wu Jian
Xom
Yredelemnul
Zin
The Shining One

Shops:
D:6 ?

Annotations:
Gauntlet 14 runed translucent doors, 11 transporters


Innate Abilities, Weirdness & Mutations

You have a pair of horns on your head.
You reflexively headbutt those who attack you in melee.
You expend magic power (3 MP) to strengthen your wands.


Message History

The balrug gestures at you.
The fireball explodes!
The fireball engulfs the hell hound.
The hell hound completely resists.
The fireball engulfs you! You resist.
The fireball engulfs the balrug.
The balrug completely resists.
The hell hound misses you. You furiously retaliate!
You headbutt the hell hound. You miss the hell hound.
The hell hound is moderately wounded.
The hell hound bites you but does no damage.
The balrug gestures at you. Something smites you!
The hell hound closely misses you. You furiously retaliate!
You headbutt the hell hound.
Unknown command.
You gain the combat prowess of a mighty hero.
You block the hell hound's attack.
The balrug fails to trigger a net trap.
You slash the hell hound!
The hell hound is severely wounded.
The hell hound pauses to sniff the ground.
The hell hound breathes flames at you.
The blast of flame hits you but does no damage.
The balrug gestures at you. Something smites you!
* * * LOW HITPOINT WARNING * * *
You closely miss the balrug.
You headbutt the balrug, but do no damage.
You block the hell hound's attack.
Unknown command.
You feel yourself speed up. The hell hound closely misses you.
The balrug gestures at you. The bolt of fire hits you! You resist.
* * * LOW HITPOINT WARNING * * *
The hell hound bites you but does no damage.
You block the balrug's attack.
Okay, then.
Blink to where?
Press: ? - help, Dir - move target
As you read the scroll of blinking, it crumbles to dust.
The balrug gestures at you. The bolt of fire hits you! You resist.
You die...

......©#.....§.....#©...........©
.#######....§8§....#######.######
.#...........≈...........#.#.....
.###########...###########.#.....
.#......B..#...##.......##.#..###
.#.#.#.#.#.#...#.#.....#.#.#..#8#
.#..#.#.#Z!#...#}.#...#..#.#..###
.#.#.#.#.#=#...#...#^#...#.#..#
©#..#.©.#.©#...#@...#©...#©#..#
##.#.#.#.#B#...#?..#2#...###..#8#
.#..#.#.#Z|#...#[.#^.h#..#....###
.#.#.#.#.#.#...#.#.....#.#....#
.#.........#...##.......##..###
.###########...###########..#8#
.......#©#.......#©#......§.###
.......#.#..≈∩§..#.#......§§#
########.#########.##########


You could see a balrug, a spectral six-headed hydra, a spectral cane toad
(wandering), a death scarab (wandering, unable to see you) and a hell hound.

Vanquished Creatures
  Harold (D:9)
  A catoblepas (Lair:1)
  2 boulder beetles (D:11)
  3 two-headed ogres
  Amaemon (D:8)
  A cyclops (D:11)
  A manticore (D:11)
  Joseph (D:9)
  An orange demon (D:8)
  A gargoyle (D:9)
  A komodo dragon (D:11)
  A kobold demonologist (D:10)
  A tyrant leech (Gauntlet)
  2 trolls
  2 shadows (Gauntlet)
  2 wraiths (D:11)
  A wyvern (D:8)
  15 yaks
  2 steam dragons
  6 vampire mosquitoes (D:11)
  An acid dragon (D:11)
  3 swamp worms (Gauntlet)
  A water moccasin (D:6)
  A sky beast (D:7)
  4 orc warriors
  An ogre (D:7)
  4 kobold brigands
  2 bullfrogs (D:7)
  A gnoll sergeant (D:10)
  3 scorpions
  7 wights
  2 howler monkeys
  2 hounds
  2 gnoll boudas
  6 orc priests
  A hell rat (Sewer)
  Natasha (thrice) (D:4)
  5 iguanas
  12 orc wizards
  10 adders
  24 gnolls
  4 river rats (Sewer)
  A shadow imp (Temple)
  4 white imps
  5 ufetubi
  2 worms (D:2)
  A dart slug (D:5)
  29 orcs
  9 endoplasms
  4 giant cockroaches
  2 goblins
  4 hobgoblins
  10 jackals
  11 kobolds
  3 quokkas
  5 ball pythons
  7 bats
  2 frilled lizards
  7 rats
251 creatures vanquished.

Notes
Turn   | Place    | Note
-------+----------+-------------------------------------------
     0 | D:1      | Peloso the Minotaur Fighter began the quest for the Orb.
     0 | D:1      | Reached XP level 1. HP: 19/19 MP: 0/0
   161 | D:1      | Gained mutation: You expend magic power (3 MP) to
                  | strengthen your wands. [potion of mutation]
   266 | D:1      | Reached skill level 4 in Shields
   266 | D:1      | Reached XP level 2. HP: 22/27 MP: 1/1
   452 | D:1      | Found a faded altar of an unknown god.
   781 | D:2      | Found a shimmering blue altar of Sif Muna.
   865 | D:2      | Reached XP level 3. HP: 33/33 MP: 2/2
  1674 | D:3      | Noticed a scorpion
  1691 | D:3      | Killed a scorpion
  1692 | D:3      | Reached XP level 4. HP: 19/40 MP: 3/3
  2272 | D:4      | Reached XP level 5. HP: 43/46 MP: 4/4
  2339 | D:4      | Noticed Natasha
  2348 | D:4      | Killed Natasha
  2349 | D:4      | Reached skill level 5 in Shields
  2614 | D:4      | Reached skill level 5 in Long Blades
  2614 | D:4      | Reached skill level 5 in Armour
  2614 | D:4      | Reached XP level 6. HP: 41/53 MP: 5/5
  2784 | D:4      | Noticed Natasha
  2796 | D:4      | Killed Natasha
  2848 | D:4      | Noticed Natasha
  2859 | D:4      | Killed Natasha
  3250 | D:4      | Noticed an angel
  3251 | D:4      | Found a glowing silver altar of Zin.
  3298 | D:5      | Entered Level 5 of the Dungeon
  3395 | D:5      | Reached skill level 1 in Dodging
  3579 | D:4      | Reached XP level 7. HP: 54/60 MP: 6/6
  3704 | D:5      | Found a staircase to the Ecumenical Temple.
  3717 | Temple   | Entered the Ecumenical Temple
  3927 | D:5      | Reached skill level 6 in Shields
  3988 | D:5      | HP: 2/60 [white imp/puff of frost (4)]
  4667 | D:6      | HP: 3/60 [hound (5)]
  4722 | D:6      | Found a broken altar of Ashenzari.
  4808 | D:6      | Found a glowing drain.
  4825 | Sewer    | Entered a sewer
  4931 | Sewer    | Reached skill level 5 in Fighting
  4956 | Sewer    | Reached skill level 5 in Dodging
  4956 | Sewer    | Reached skill level 9 in Shields
  4956 | Sewer    | Reached XP level 8. HP: 73/73 MP: 7/7
  5056 | D:6      | Reached XP level 9. HP: 80/81 MP: 8/8
  5115 | D:6      | Found Ymnialo's Magic Scroll Shop.
  5166 | D:6      | Found a shimmering altar of Xom.
  6253 | D:7      | Reached skill level 10 in Long Blades
  6622 | D:7      | Reached skill level 10 in Armour
  6862 | D:8      | Reached skill level 10 in Shields
  6876 | D:8      | Reached XP level 10. HP: 85/90 MP: 9/9
  6956 | D:8      | Noticed an orange demon
  6957 | D:8      | Noticed Amaemon
  6966 | D:8      | Killed Amaemon
  6976 | D:8      | Killed an orange demon
  7702 | D:8      | Noticed a two-headed ogre
  7714 | D:8      | Killed a two-headed ogre
  8156 | D:9      | Found an ornate altar of the Wu Jian Council.
  8292 | D:9      | Noticed a two-headed ogre
  8305 | D:9      | Killed a two-headed ogre
  8306 | D:9      | Reached skill level 11 in Shields
  8465 | D:9      | Noticed a gargoyle
  8476 | D:9      | Killed a gargoyle
  8550 | D:9      | Found a glowing golden altar of the Shining One.
  8550 | D:9      | Found a stormy altar of Qazlal.
  8550 | D:9      | Found an opulent altar of Gozag.
  8555 | D:9      | Found a blossoming altar of Fedhas.
  8558 | D:9      | Found a bloodstained altar of Trog.
  8561 | D:9      | Found an iron altar of Okawaru.
  8564 | D:9      | Found a snail-covered altar of Cheibriados.
  8565 | D:9      | Found a sparkling altar of Nemelex Xobeh.
  8568 | D:9      | Became a worshipper of Warmaster Okawaru
  8571 | D:9      | Noticed Joseph
  8589 | D:9      | Killed Joseph
  8590 | D:9      | Reached XP level 11. HP: 41/97 MP: 10/10
  8796 | D:9      | Noticed Harold
  8815 | D:9      | Killed Harold
  8815 | D:9      | Reached * piety under Okawaru
  9385 | D:10     | Entered Level 10 of the Dungeon
  9924 | D:10     | Noticed a two-headed ogre
  9935 | D:10     | Killed a two-headed ogre
  9935 | D:10     | Reached ** piety under Okawaru
 10118 | D:11     | Noticed a boulder beetle
 10143 | D:11     | Reached skill level 12 in Shields
 10764 | D:11     | Killed a boulder beetle
 10765 | D:11     | Noticed a boulder beetle
 11008 | D:11     | Killed a boulder beetle
 11047 | D:11     | Found a staircase to the Orcish Mines.
 11409 | D:11     | Reached skill level 10 in Fighting
 11628 | D:10     | Reached skill level 1 in Invocations
 11860 | D:11     | Found a staircase to the Lair.
 11878 | D:11     | Reached skill level 13 in Shields
 11981 | D:11     | Found a white marble altar of Elyvilon.
 12123 | Lair:1   | Entered Level 1 of the Lair of Beasts
 12125 | Lair:1   | Identified a scroll of acquirement
 12187 | Lair:1   | Noticed a catoblepas
 12240 | Lair:1   | Killed a catoblepas
 12246 | Lair:1   | Found a gate leading to a gauntlet.
 12255 | Gauntlet | Entered a Gauntlet
 12255 | Gauntlet | Found a large runed translucent door.
 12255 | Gauntlet | Found a large runed translucent door.
 12255 | Gauntlet | Found a large runed translucent door.
 12255 | Gauntlet | Found a large runed translucent door.
 12255 | Gauntlet | Found a large runed translucent door.
 12255 | Gauntlet | Found a large runed translucent door.
 12255 | Gauntlet | Found a runed translucent door.
 12255 | Gauntlet | Found a transporter.
 12255 | Gauntlet | Found a transporter.
 12255 | Gauntlet | Found a runed translucent door.
 12255 | Gauntlet | Found a large runed translucent door.
 12255 | Gauntlet | Found a large runed translucent door.
 12255 | Gauntlet | Found a large runed translucent door.
 12255 | Gauntlet | Found a large runed translucent door.
 12255 | Gauntlet | Found a large runed translucent door.
 12255 | Gauntlet | Found a large runed translucent door.
 12261 | Gauntlet | Noticed a sixfirhy
 12264 | Gauntlet | Found a transporter.
 12277 | Gauntlet | Found a transporter.
 12279 | Gauntlet | Noticed a large abomination
 12296 | Gauntlet | Found a transporter.
 12310 | Gauntlet | Found a transporter.
 12314 | Gauntlet | Found the +1 cloak of Starlight {*Dazzle EV+4 Stlth--}
 12320 | Gauntlet | Noticed a death scarab
 12321 | Gauntlet | Noticed a death scarab
 12330 | Gauntlet | Found a transporter.
 12334 | Gauntlet | Identified the +6 broad axe "Cuority" {protect, Fly rF+
                  | Str+3}
 12334 | Gauntlet | Noticed a minotaur
 12350 | Gauntlet | Noticed a quicksilver ooze
 12411 | Gauntlet | Found a transporter.
 12437 | Gauntlet | Found a transporter.
 12439 | Gauntlet | Found a transporter.
 12442 | Gauntlet | Found a transporter.
 12453 | Gauntlet | Found a transporter.
 12462 | Gauntlet | Noticed a balrug
 12489 | Gauntlet | Found a transporter.
 12516 | Gauntlet | Found a large runed translucent door.
 12517 | Gauntlet | Found a large runed translucent door.
 12520 | Gauntlet | Found a runed translucent gate.
 12520 | Gauntlet | Found a runed translucent gate.
 12521 | Gauntlet | Found a runed translucent gate.
 12523 | Gauntlet | Found a transporter.
 12541 | Gauntlet | Found a large runed translucent door.
 12542 | Gauntlet | Found a large runed translucent door.
 12569 | Gauntlet | Found a transporter.
 12587 | Gauntlet | Found a transporter.
 12742 | Gauntlet | Reached XP level 12. HP: 105/106 MP: 8/11
 12795 | Gauntlet | Identified the amulet "Vanlois" {Regen+ SInv}
 12836 | Gauntlet | Killed from afar by a balrug

Illustrated notes

Levels and vault maps discovered:
D:1:      heliophobic_arrival_glass_houses, layout_basic,
          shapermc_ecumenical_altar_mp_ritualfount
D:2:      layout_basic, basic_altar, serial_bayou_pond_c
D:3:      layout_loops_ring
D:4:      layout_loops_ring, zin_angel, uniq_natasha
D:5:      layout_loops_ring, minmay_temple_entry_ruins
D:6:      layout_rooms, general_overflow_altar, amcnicky_altar_gilded,
          serial_shops, shop, portal_sewer_entry_f
D:7:      layout_cave_pools, serial_co_window_serial, co_window_corner_a,
          co_window_paths_a, co_window_paths_a, co_window_corner_a,
          co_window_paths_a, co_window_of_opportunity_a, co_window_paths_a,
          co_window_broadway_b, co_window_corner_b, co_window_broadway_b,
          co_window_2corner, co_window_broadway_c, glass_columns_a, minivault_24
D:8:      layout_rooms, uniq_amaemon
D:9:      layout_rooms, mainiacjoe_overflow_24_doors,
          nicolae_overflow_hallway_of_the_gods, uniq_harold, uniq_joseph
D:10:     layout_roguey
D:11:     layout_cave_pools, david_lair_shrubbed, david_orc_2, elyvilon_altar_1
Temple:   nicolae_temple_ecumenical_triangle
Lair:1:   dreamdust_isle_of_ice, layout_cave_pods, gauntlet_entry_generic,
          dreamdust_wasp_nest, lemuel_fruit_tree
Gauntlet: gammafunk_gauntlet_branching [nicolae_gauntlet_arena_blocks,
          minmay_gauntlet_arena_make_your_own_arena,
          nicolae_gauntlet_arena_grate_2, gammafunk_gauntlet_arena_teeth,
          gammafunk_gauntlet_arena_chambers, nicolae_gauntlet_arena_quarters,
          gammafunk_gauntlet_arena_grid, nicolae_gauntlet_arena_x,
          nicolae_gauntlet_exit_dead_adventurers]

Skill      XL: |  1  2  3  4  5  6  7  8  9 10 11 |
---------------+----------------------------------+-----
Shields        | 4 5 9 10 11 13 | 13.1
Fighting       | 4 8 9 10 | 10.2
Armour         | 4 5 9 10 11 | 11.9
Long Blades    | 3 5 9 10 11 12 | 12.7
Dodging        | 1 5 6 |  6.9
Invocations    | 1 |  1.2
Stealth        | |  0.7
Evocations     | |  0.4

Action                     |  1- 3 |  4- 6 |  7- 9 | 10-12 || total
---------------------------+-------+-------+-------+-------++-------
  Melee: Long sword        |    86 |   139 |   300 |   602 ||  1127
         Headbutt          |     7 |    21 |    67 |   155 ||   250
 Invoke: Heroism           |       |       |       |    16 ||    16
  Evoke: Wand              |       |       |       |     6 ||     6
    Use: Potion            |     1 |     4 |     4 |     7 ||    16
         Scroll            |     1 |     1 |     8 |     8 ||    18
 Armour: Scale mail        |    18 |       |       |   137 ||   155
         Chain mail        |    17 |    95 |   114 |    65 ||   291
  Dodge: Dodged            |    29 |    57 |    84 |   190 ||   360
  Block: Kite shield       |    26 |   112 |    61 |       ||   199
         Buckler           |     1 |       |       |       ||     1
         Tower shield      |       |       |   178 |   560 ||   738
